 Dungeon Crawl Stone Soup version 0.22-a0-389-g8519d86 (webtiles) character file.

9 Kairos the Skirmisher (level 2, 16/16 HPs)
             Began as a Vine Stalker Fighter on Apr 30, 2018.
             Quit the game on level 1 of the Dungeon.
             The game lasted 00:00:52 (484 turns).

Kairos the Skirmisher (Vine Stalker Fighter)         Turns: 484, Time: 00:00:52

Health: 16/16      AC:  7    Str: 18    XL:     2   Next: 12%
Magic:  3/3        EV:  7    Int:  8    God:
Gold:   36         SH:  9    Dex: 13    Spells: 1/1 levels left

rFire    . . .     SeeInvis .   a - +0 war axe
rCold    . . .     Gourm    .   c - +0 shield
rNeg     . . .     Faith    .   b - +1 scale mail
rPois    .         Spirit   +   (no helmet)
rElec    .         Reflect  .   (no cloak)
rCorr    .         Harm     .   (no gloves)
MR       .....                  (no boots)
Stlth    ..........             (no amulet)
HPRegen  0.05/turn              (no ring)
MPRegen  0.08/turn              (no ring)

@: flying (expiring)
A: fangs 2, magic shield, antimagic bite, no potion heal 3, rot immunity
a: no special abilities


You were on level 1 of the Dungeon.
You were not hungry.

You visited 1 branch of the dungeon, and saw 1 of its levels.

You collected 36 gold pieces.

Inventory:

Hand Weapons
 a - a +0 war axe (weapon)
Missiles
 e - 4 tomahawks (quivered)
Armour
 b - a +1 scale mail (worn)
 c - a +0 shield (worn)
Potions
 d - a potion of might
 g - 2 potions of ambrosia
Comestibles
 f - 3 rations


   Skills:
 + Level 2.8 Fighting
 + Level 1.7 Axes
 + Level 2.6 Armour
 + Level 0.1 Dodging
 + Level 2.8 Shields


You had one spell level left.
You didn't know any spells.

Dungeon Overview and Level Annotations

Branches:
Dungeon (1/15)

Altars:


Innate Abilities, Weirdness & Mutations

You have extremely sharp teeth.
When hurt, damage is shared between your health and your magic reserves.
Your bite disrupts and absorbs the magic of your enemies.
Potions cannot restore your health.
You are immune to rotting.


Message History

It was a potion of heal wounds.
That seemed strangely inert.
It was a potion of flight.
You feel very buoyant.
You fly up into the air.
You're too confused!
Unknown command.
Unknown command.
You start waiting.
You feel less invigorated.
You feel less confused.
You start waiting.
You are starting to lose your buoyancy.
As you read the scroll labeled QOXYT JAYJURR, it crumbles to dust.
The dust glows mottled black!
It was a scroll of random uselessness.
As you read the scroll labeled NAILUU RUSK, it crumbles to dust.
You feel blessed for a moment.
It was a scroll of remove curse.
As you read the scroll labeled UNWIGOU ZEKK, it crumbles to dust.
It is a scroll of enchant armour.
Your +0 scale mail glows green for a moment.
Are you sure you want to abandon this character and quit the game? (Confirm with "yes".)

.......#.###
...)...#...#
.......#.#.##
.......#.#..###
.#######.##...##
.# #.##....## .#
#.##).#..#
.#######....###.##
.#..##......##..@#
....##.##..###...#
..)........# #...#
.##.##.###.# #...#
.##.##.# #.###...#
.##.##.# #..##...#
..#..#.# ##.##...#
#.##.#.# #.######
.......# #.#


There were no monsters in sight!

Vanquished Creatures
  3 bats (D:1)
  A goblin (D:1)
  2 hobgoblins (D:1)
  A kobold (D:1)
  A rat (D:1)
8 creatures vanquished.

Notes
Turn   | Place    | Note
-------+----------+-------------------------------------------
     0 | D:1      | Kairos the Vine Stalker Fighter began the quest for the Orb.
     0 | D:1      | Reached XP level 1. HP: 11/11 MP: 2/2
   273 | D:1      | Reached XP level 2. HP: 15/16 MP: 3/3
   484 | D:1      | Quit the game

Vault maps used:
D:1:      mrwooster_arrival_statue_2, kennysheep_minor_cross

Action                   || total
-------------------------++-------
Melee: War axe           ||    22
       Bite              ||     5
  Use: Scroll            ||     3
       Potion            ||     3
Armor: Scale mail        ||    20
Dodge: Dodged            ||     9
Block: Shield            ||     8

Table legend:
 A = Spawn XP
 B = Non-spawn XP
 C = Spawn XP percentage of total XP
 D = Spawn monster count
 E = Non-spawn monster count
 F = Spawn count percentage of total count
 G = Total turns spent on level
                    A         B        C        D         E        F      G
               +---------+---------+-------+---------+---------+-------+---------
         Total |       0 |      13 |   0.0 |       0 |       8 |   0.0 |   484
               +---------+---------+-------+---------+---------+-------+---------
           D:1 |       0 |      13 |   0.0 |       0 |       8 |   0.0 |   484
               +---------+---------+-------+---------+---------+-------+---------
